Map: Equilibrium LE

Players

Subwayeatn

  • Race: Zerg Zerg
  • League: Platinum
  • Spawn Location: 11:00

Xelnaga - Winner!

  • Race: Protoss Protoss
  • Spawn Location: 1:00

VOD

Have the link to the VOD?

Description

Time

  • Played on: Oct. 28, 2023, 7:02 p.m.
  • Length: 6:16
Show
View Real Time Build Order
Export as new Build Order

Subwayeatn Zerg 

Build Orders: Pool First 

Get SALT Encoding   

  12  0:18  Spawning Pool  
  11  0:21  Drone  
  11  0:25  Drone  
  13  0:30  Drone  
  14  1:08  Overlord  
  14  1:12  Zergling x2, Extractor  
  14  1:25  Queen  
  14  1:31  Zergling x4  
  14  1:32  Zergling x2  
  19  1:43  Zergling x2  
  20  1:52  Hatchery  
  19  2:01  Queen  
  19  2:04  Zergling x2  
  22  2:14  Overlord  
  22  2:25  Metabolic Boost  
  22  2:38  Zergling x4  
  23  2:54  Zergling x2  
  23  2:55  Zergling x4  
  24  3:07  Zergling x4  
  24  3:21  Zergling x6  
  27  3:32  Zergling x4  
  25  3:56  Drone x4  
  25  4:19  Zergling x10  
  25  4:20  Zergling x4  
  28  4:40  Zergling x10  
  33  4:51  Overlord  
  33  4:53  Drone  
  23  5:35  Drone x11  
  32  5:46  Drone x4  
  36  5:50  Zergling x2  
  36  5:56  Overlord  
  37  6:02  Extractor  
Show
View Real Time Build Order
Export as new Build Order

Xelnaga Protoss - Winner!

Build Orders:  

Get SALT Encoding   

  12  0:02  Probe  
  13  0:14  Probe  
  13  0:21  Pylon  
  14  0:26  Probe  
  15  0:39  Gateway  
  15  0:46  Probe  
  16  0:51  Assimilator  
  16  0:56  Pylon  
  16  1:00  Probe  
  17  1:11  Pylon  
  17  1:20  Probe  
  18  1:31  Cybernetics Core  
  18  1:32  Probe  
  19  1:38  Cybernetics Core  
  19  1:41  Gateway  
  20  1:49  Zealot (Chrono Boost)  
  20  1:53  Probe  
  22  2:05  Probe  
  22  2:08  Pylon  
  23  2:17  Probe  
  24  2:25  Stalker (Chrono Boost)  
  28  2:44  Cybernetics Core  
  28  2:54  Gateway  
  28  2:55  Pylon  
  26  3:11  Zealot, Pylon  
  26  3:13  Pylon  
  26  3:22  Warp Gate (Chrono Boost)  
  26  3:28  Gateway  
  26  3:35  Stalker  
  26  3:40  Pylon  
  28  3:58  Probe  
  29  4:10  Stalker  
  31  4:27  Gateway  
  29  4:34  Probe  
  29  4:37  Pylon  
  29  4:52  Robotics Facility  
  29  4:54  Assimilator  
  29  5:07  Zealot x3  
  35  5:24  Zealot  
  37  5:31  Zealot x2  
  40  5:43  Immortal (Chrono Boost)  
  44  5:54  Adept, Pylon  
  44  5:55  Adept  
  44  5:56  Adept x2  
  52  6:01  Probe  
Tags
 
League
Platinum
Matchup
PvZ
Opening
Pool First
Replay Pack
Multiplayer
Spawn Locations
Close Positions
Add a new tag
Caveats
  • Supply blocks, unpowered buildings, or Contaminate may cause inaccurate times.
  • Supply counts are checked every 10 seconds.